 Dungeon Crawl Stone Soup version 0.27-a0-819-g058290f16d (webtiles) character file.

Game seed: 3104148410672662774

14950 sizableburger the Thaumaturge (level 11, -1/84 HPs)
             Began as a Mummy Conjurer on Mar 29, 2021.
             Was a Priest of Ru.
             Slain by a komodo dragon (15 damage)
             ... on level 3 of the Lair of Beasts.
             The game lasted 01:16:09 (20321 turns).

sizableburger the Thaumaturge (Mummy Conjurer)     Turns: 20321, Time: 01:16:10

Health: -1/84      AC: 15    Str: 11    XL:     11   Next: 95%
Magic:  7/32       EV:  6    Int: 21    God:    Ru [***...]
Gold:   537        SH:  4    Dex: 10    Spells: 12/26 levels left

rFire    x . .     SeeInvis .   d - +6 short sword (elec)
rCold    + . .     Faith    .   q - +0 buckler {AC+3}
rNeg     + + +     Spirit   .   z - +0 steam dragon scales
rPois    ∞         Reflect  .   k - +2 helmet
rElec    .         Harm     .   l - +2 cloak {rCorr}
rCorr    +         Rampage  .   (no gloves)
Will     ++...                  (no boots)
Stlth    ++........             (no amulet)
HPRegen  0.24/turn              r - ring of willpower
MPRegen  0.23/turn              n - ring of magical power

@: horrified
A: cold resistance 1, negative energy resistance 3, torment resistance 2,
unbreathing 1, heat vulnerability 1, hated by all, cowardly, reduced EV 1, no
potions
a: Renounce Religion, Draw Out Power


You were on level 3 of the Lair of Beasts.
You worshipped Ru.
Ru was most pleased with you.
You visited 3 branches of the dungeon, and saw 13 of its levels.

You collected 587 gold pieces.
You spent 50 gold pieces at shops.

Inventory:

Hand Weapons
 d - a +6 short sword of electrocution (weapon)
Missiles
 g - 6 atropa-tipped darts
 o - a throwing net (quivered)
Armour
 k - a +2 helmet (worn)
 l - a +2 cloak of preservation (worn)
 q - a +0 buckler of protection (worn)
 z - +0 steam dragon scales (worn)
Jewellery
 n - a ring of magical power (right hand)
 r - a ring of willpower (left hand)
 s - a +4 ring of slaying
Wands
 c - a wand of polymorph (6)
 e - a wand of flame (36)
 p - a wand of charming (7)
 t - a wand of acid (2)
 v - a wand of iceblast (5)
Scrolls
 a - a scroll of fear {unknown}
 b - 2 scrolls of immolation
 f - 2 scrolls of amnesia
 i - 4 scrolls of magic mapping
 m - a scroll of brand weapon {unknown}
 u - a scroll of torment {unknown}
 w - 4 scrolls of noise
 x - a scroll of vulnerability {unknown}
 y - a scroll of fog


   Skills:
 + Level 7.0 Fighting
 - Level 5.8 Short Blades
 - Level 4.4 Armour
 - Level 1.5 Dodging
 - Level 1.5 Stealth
 - Level 4.0 Shields
 + Level 8.3 Spellcasting
 + Level 7.4 Conjurations
 + Level 6.6 Hexes
 - Level 5.0 Translocations
 - Level 4.5 Evocations


You had 12 spell levels left.
You knew the following spells:

 Your Spells              Type           Power      Damage    Failure   Level
a - Magic Dart            Conj           100%       1d8       1%          1
b - Searing Ray           Conj           72%        3d6       1%          2
c - Dazzling Flash        Conj/Hex       68%        N/A       1%          3
d - Fulminant Prism       Conj/Hex       17%        3d11      4%          4
e - Iskenderun's Mystic   Conj/Tloc      31%        2d8       6%          4

Your spell library contained the following spells:

 Spells                   Type           Power      Damage    Failure   Level
 Apportation              Tloc           54%        N/A       1%          1
 Corona                   Hex            36%        N/A       1%          1
 Animate Skeleton         Necr           Unusable   N/A       N/A         1
 Summon Small Mammal      Summ           Unusable   N/A       N/A         1

Dungeon Overview and Level Annotations

Branches:
Dungeon (9/15)             Temple (1/1) D:7            Lair (3/6) D:8
 Shoals (0/4) Lair:2        Snake (0/4) Lair:3
    Orc: D:9-12

Altars:
Cheibriados
Dithmenos
Elyvilon
Fedhas
Gozag
Hepliaklqana
Kikubaaqudgha
Makhleb
Nemelex Xobeh
Okawaru
Ru
Sif Muna
Trog
Uskayaw
Vehumet
Wu Jian
Xom
Yredelemnul
Zin
The Shining One

Shops:
D:2 (

Annotations:
D:4 2 runed translucent doors, Sobieck's ghost, amateur DjFE


Innate Abilities, Weirdness & Mutations

You are immune to poison.
Your flesh is cold resistant. (rC+)
You are immune to negative energy. (rN+++)
You are immune to unholy pain and torment.
You can survive without breathing.
You are vulnerable to heat. (rF-)
You are hated by all.
Your cowardice makes you less effective in combat with threatening monsters.
You have somewhat slow reflexes. (EV -5)
You do not drink.


Message History

You catch the helpless elephant completely off-guard!
You hit the elephant. Lightning courses through the elephant!
You kill the elephant!
You block the yak's attack.
Your fulminant prism explodes!
The blast of energy engulfs the komodo dragon!
The komodo dragon is moderately wounded.
The blast of energy engulfs the yak!
You kill the yak!
Your Fighting skill increases to level 7!
Okay, then.
Aiming: Corrosive Bolt
Press: ? - help, Shift-Dir - straight line The bolt of acid hits the komodo dragon!
The komodo dragon is splashed with acid.
The acid corrodes the komodo dragon!
The komodo dragon is heavily wounded.
The komodo dragon bites you!!
* * * LOW HITPOINT WARNING * * *
What are your orders? t - Shout!
Orders for allies: a - Attack new target. r - Retreat! s - Stop attacking. g - Guard the area. f - Follow me.
Anything else - Cancel.
Okay, then.
Okay, then.
Okay, then.
Aiming: Corrosive Bolt
Press: ? - help, Shift-Dir - straight line, f - yak
Aim: a yak (16% to evade)
The bolt of acid hits the komodo dragon!
The komodo dragon is splashed with acid.
The komodo dragon seems to be corroded for longer.
The komodo dragon is almost dead.
The bolt of acid hits the yak!
The yak is splashed with acid!
The acid corrodes the yak!
The yak is heavily wounded.
The komodo dragon bites you!
You die...

.####...##...≈≈≈....#
#..##..###≈..≈≈....##
...#....##≈..≈≈...##
#......####..≈≈≈.##
##.......#.#.≈≈.Y>#
#.......##...≈≈...##
.÷..#..<.#..#≈≈#†..#
...##....##.##≈#l.##
...##.......##≈#@##
..######....######
..# #.......# ###
##.....## ###.....#
#.....#.#
####....####
####......##
#.#.#..(.##


You could see a komodo dragon (corroded) and a yak (corroded).

Vanquished Creatures
  A two-headed ogre (D:7)
  5 elephants
  3 cane toads
  A gargoyle (D:7)
  5 komodo dragons
  2 polar bears
  4 blink frogs (Lair:1)
  Sigmund (D:4)
  A wyvern (Lair:3)
  8 yaks
  A steam dragon (Lair:2)
  A basilisk (Lair:3)
  2 vampire mosquitoes (D:6)
  Eustachio (D:4)
  2 wargs (D:8)
  Duvessa (D:7)
  13 water moccasins
  2 orc warriors
  4 ice beasts
  A sky beast (D:7)
  2 black bears
  2 necrophages
  4 ogres
  6 wolves (Lair:1)
  4 centaurs
  2 phantoms
  Blork the orc (D:5)
  A kobold brigand (D:7)
  7 bullfrogs
  A water moccasin zombie (D:5)
  2 scorpions
  Dowan (D:7)
  2 howler monkeys
  2 electric eels
  3 wights (D:7)
  A centaur zombie (D:4)
  2 jellies
  Crazy Yiuf (D:4)
  6 orc priests
  3 hounds
  An iguana (D:5)
  Natasha (twice) (D:2)
  3 orc wizards
  4 hell rats (Lair:2)
  A killer bee zombie (D:7)
  A hound zombie (D:5)
  2 howler monkey skeletons
  30 gnolls
  9 adders
  A shadow imp (D:7)
  A white imp (D:6)
  A howler monkey simulacrum (D:6)
  2 worms
  2 dart slugs (D:1)
  23 orcs
  7 bats
  11 endoplasms
  8 giant cockroaches
  6 goblins
  4 hobgoblins
  26 jackals
  7 kobolds
  6 quokkas
  8 ball pythons
  3 frilled lizards (D:1)
  8 rats
289 creatures vanquished.

Vanquished Creatures (others)
  Erica (D:8)
  An orc warrior (D:8)
  A water moccasin skeleton (D:7)
  An orc (D:8)
  75 fulminant prisms
  35 fungi
  53 plants
167 creatures vanquished.

Grand Total: 456 creatures vanquished

Notes
Turn   | Place    | Note
-------+----------+-------------------------------------------
     0 | D:1      | sizableburger the Mummy Conjurer began the quest for the
                  | Orb.
     0 | D:1      | Reached XP level 1. HP: 13/13 MP: 4/4
   329 | D:1      | Reached XP level 2. HP: 20/20 MP: 2/5
   369 | D:1      | Reached skill level 3 in Spellcasting
   561 | D:1      | Learned a level 2 spell: Searing Ray
   706 | D:1      | Reached skill level 1 in Fighting
   899 | D:1      | Reached XP level 3. HP: 24/26 MP: 1/7
  1251 | D:1      | Reached skill level 1 in Short Blades
  1282 | D:1      | Learned a level 3 spell: Dazzling Flash
  2042 | D:2      | Found Qeosuh's Weapon Boutique.
  2078 | D:2      | Bought 7 atropa-tipped darts for 50 gold pieces
  2088 | D:2      | Found a sparkling altar of Nemelex Xobeh.
  2194 | D:2      | Reached XP level 4. HP: 33/33 MP: 5/9
  2272 | D:2      | Noticed Natasha
  2278 | D:2      | Killed Natasha
  2279 | D:2      | Reached skill level 1 in Hexes
  2670 | D:2      | Noticed Natasha
  2676 | D:2      | Killed Natasha
  3101 | D:3      | Reached skill level 4 in Spellcasting
  3101 | D:3      | Reached XP level 5. HP: 38/38 MP: 6/11
  3174 | D:3      | Learned a level 4 spell: Fulminant Prism
  3501 | D:3      | Found an ancient bone altar of Kikubaaqudgha.
  3722 | D:3      | Found a hide-covered altar of Uskayaw.
  4479 | D:3      | Reached XP level 6. HP: 46/46 MP: 7/12
  6125 | D:4      | Identified a scroll of acquirement
  6130 | D:4      | Noticed Eustachio
  6131 | D:4      | Acquired a +4 short sword of electrocution
  6140 | D:4      | Killed Eustachio
  6141 | D:4      | Reached XP level 7. HP: 46/52 MP: 4/13
  6229 | D:4      | Found a shimmering altar of Xom.
  6267 | D:4      | Found a runed translucent door.
  6267 | D:4      | Noticed Sobieck's ghost (amateur DjFE)
  6436 | D:4      | Found a runed translucent door.
  6947 | D:4      | Noticed Sigmund
  6953 | D:4      | Killed Sigmund
  7251 | D:4      | Found a runed translucent door.
  7252 | D:4      | Noticed Crazy Yiuf
  7274 | D:4      | Killed Crazy Yiuf
  7554 | D:5      | Entered Level 5 of the Dungeon
  7560 | D:5      | Found a sacrificial altar of Ru.
  7567 | D:5      | Became a worshipper of Ru the Awakened
  7724 | D:5      | Reached XP level 8. HP: 61/61 MP: 9/14
  8047 | D:5      | Reached skill level 1 in Armour
  8047 | D:5      | Reached skill level 5 in Conjurations
  8146 | D:5      | Found an ornate altar of the Wu Jian Council.
  8166 | D:5      | Noticed Blork the orc
  8176 | D:5      | Killed Blork the orc
  8709 | D:5      | Reached skill level 5 in Spellcasting
  9291 | D:6      | Learned a level 4 spell: Iskenderun's Mystic Blast
  9298 | D:6      | Found a blossoming altar of Fedhas.
  9541 | D:6      | Gained mutation: Your cowardice makes you less effective in
                  | combat with threatening monsters. [Ru sacrifice]
  9541 | D:6      | Reached * piety under Ru
  9710 | D:6      | Reached XP level 9. HP: 58/66 MP: 17/17
  9861 | D:6      | Reached skill level 5 in Hexes
  9987 | D:7      | Noticed Dowan
  9988 | D:7      | Noticed Duvessa
  9993 | D:7      | Killed Dowan
  9994 | D:7      | Reached skill level 6 in Spellcasting
 10299 | D:7      | Killed Duvessa
 10300 | D:7      | Reached skill level 5 in Short Blades
 10300 | D:7      | Reached skill level 1 in Translocations
 10449 | D:7      | Noticed a gargoyle
 11131 | D:7      | Killed a gargoyle
 11141 | D:7      | Noticed a cyclops
 11145 | D:7      | Noticed a deep elf pyromancer
 11472 | D:7      | Found a burning altar of Makhleb.
 11681 | D:7      | Reached XP level 10. HP: 71/73 MP: 19/19
 11710 | D:7      | Found a staircase to the Ecumenical Temple.
 11825 | D:7      | Reached skill level 1 in Shields
 11825 | D:7      | Reached skill level 1 in Evocations
 11837 | D:7      | Noticed a boulder beetle
 11990 | Temple   | Entered the Ecumenical Temple
 13329 | D:7      | Noticed a two-headed ogre
 13337 | D:7      | Killed a two-headed ogre
 13537 | D:7      | Noticed a brown ugly thing
 13550 | D:7      | You fall into a shaft and drop 1 floor!
 13570 | D:8      | Noticed Erica
 13579 | D:8      | Found a snail-covered altar of Cheibriados.
 14052 | D:8      | Killed Erica
 14114 | D:8      | Gained mutation: You are hated by all. [Ru sacrifice]
 14114 | D:8      | Reached ** piety under Ru
 14584 | D:8      | Found a staircase to the Lair.
 15175 | Lair:1   | Entered Level 1 of the Lair of Beasts
 15431 | Lair:1   | Reached skill level 5 in Translocations
 15439 | Lair:1   | Noticed a cane toad
 15563 | Lair:1   | Killed a cane toad
 15564 | Lair:1   | Reached XP level 11. HP: 61/78 MP: 7/20
 15733 | Lair:1   | Reached skill level 5 in Fighting
 17319 | Lair:2   | Found a staircase to the Shoals.
 17724 | Lair:2   | Reached skill level 7 in Spellcasting
 18044 | Lair:2   | Gained mutation: You have somewhat slow reflexes. (EV -5)
                  | [Ru sacrifice]
 18044 | Lair:2   | Reached *** piety under Ru
 19402 | Lair:3   | Reached skill level 8 in Spellcasting
 19744 | Lair:3   | Found a staircase to the Snake Pit.
 20321 | Lair:3   | Slain by a komodo dragon

Illustrated notes

Levels and vault maps discovered:
D:1:      psy_arrival_whirlpool, layout_loops_ring
D:2:      layout_basic, lemuel_round_altar, serial_shops, shop, serial_glass,
          glass_columns_a, glass_columns_a, uniq_natasha
D:3:      lemuel_castle_with_subvaults [lemuel_castle_interior_carwin_1],
          layout_basic, nicolae_uskayaw_murder_on_the_dancefloor,
          kiku_gazebo_pond_becter
D:4:      layout_gridville, xom_teletrap_fun, zin_academy,
          ebering_ghost_sewer_f, minmay_misc_feat_hallway, uniq_sigmund,
          uniq_crazy_yiuf_cottage, uniq_eustachio
D:5:      layout_loops_cross, lemuel_crystal_altar,
          nicolae_ru_the_path_less_chosen, uniq_blork_the_orc
D:6:      minmay_klotski, layout_cave_pools, fedhas_bush_and_centaur_altar,
          minmay_misc_feat_chi
D:7:      minmay_recursive_quarters, layout_basic, lemuel_round_altar,
          minmay_temple_entry_glass, nrook_campfire, minmay_the_grid_2x2
          [minmay_the_grid_slots, minmay_the_grid_minigrid_large,
          minmay_the_grid_mess, minmay_the_grid_prize_big_room], uniq_duvessa
D:8:      layout_cave_pools, lemuel_doored_altar, erik_lair_orcish_takeover,
          fountainhead, uniq_erica
D:9:      layout_stronghold, nicolae_ashenzari_skybound,
          nicolae_qazlal_eye_of_the_storm, dk_noncrumbling_4, onia_ninara_cookie
Temple:   jpeg_temple_alley_garden
Lair:1:   layout_cave_pods
Lair:2:   layout_long_grid, minmay_shoals_entry_hut, grunt_megastairs_1,
          serial_bayou_shore_a
Lair:3:   layout_concentric_octagons, guppyfry_snake_entry_garden,
          serial_bayou_pond_a, chequers_serial_rivers_small_3

Skill      XL: |  1  2  3  4  5  6  7  8  9 10 11 |
---------------+----------------------------------+-----
Spellcasting   | 3 4 5 6 8 |  8.3
Fighting       | 1 2 3 4 7 |  7.0
Short Blades   | 1 2 3 4 5 |  5.8
Hexes          | 1 2 3 4 5 6 |  6.6
Conjurations   | 4 5 6 7 |  7.4
Armour         | 2 4 |  4.4
Translocations | 3 5 |  5.0
Shields        | 3 4 |  4.0
Evocations     | 3 4 |  4.5
Dodging        | |  1.5
Stealth        | |  1.5

Action                   |  1- 3 |  4- 6 |  7- 9 | 10-12 || total
-------------------------+-------+-------+-------+-------++-------
Melee: Dagger            |    31 |    61 |       |       ||    92
       Short sword       |       |       |   101 |    70 ||   171
Throw: Dart              |       |     2 |     3 |       ||     5
       Throwing net      |       |       |     3 |       ||     3
 Cast: Magic Dart        |    48 |    28 |     9 |    16 ||   101
       Searing Ray       |    20 |    54 |    59 |    69 ||   202
       Dazzling Flash    |       |       |    19 |     7 ||    26
       Fulminant Prism   |       |       |     7 |    69 ||    76
       Iskenderun's Myst |       |       |       |    34 ||    34
Invok: Sacrifice Courage |       |       |     1 |       ||     1
       Sacrifice Love    |       |       |       |     1 ||     1
       Sacrifice Health  |       |       |       |     1 ||     1
Evoke: Wand              |       |       |       |     4 ||     4
  Use: Scroll            |       |     8 |     8 |     9 ||    25
 Stab: Sleeping          |     2 |       |     2 |       ||     4
       Invisible         |       |       |     2 |     3 ||     5
Armor: Robe              |    12 |    32 |     2 |       ||    46
       Leather armour    |       |       |    67 |    58 ||   125
       Steam dragon scal |       |       |       |    33 ||    33
Dodge: Dodged            |    33 |    43 |   108 |    76 ||   260
Block: Buckler           |       |       |       |    25 ||    25

Table legend: (Time is in decaauts)
 A = Elapsed time spent in this place.
 B = Non-inter-level travel time spent in this place.
 C = Inter-level travel time spent in this place.
 D = Time resting spent in this place.
 E = Time spent auto-exploring this place.
 F = Levels seen in this place.
 G = Mean time per level.
                   A        B        C        D        E       F      G
               +--------+--------+--------+--------+--------+-----+--------+
         Total |  20327 |  18998 |   1329 |   9836 |   6025 |  13 | 1563.6 |
       Dungeon |  14219 |  13466 |    753 |   6606 |   4581 |   9 | 1579.9 |
        Temple |   1065 |   1011 |     54 |    807 |    179 |   1 | 1065.0 |
          Lair |   5043 |   4522 |    521 |   2423 |   1264 |   3 | 1681.0 |
               +--------+--------+--------+--------+--------+-----+--------+

Top non-repeatable levels by time:
     D:3: 3277 daAuts
  Lair:2: 2515 daAuts
     D:7: 2461 daAuts
  Lair:1: 1823 daAuts
     D:1: 1746 daAuts
     D:4: 1731 daAuts
     D:8: 1367 daAuts
     D:6: 1228 daAuts
     D:5: 1184 daAuts
     D:2: 1146 daAuts
  Temple: 1065 daAuts
  Lair:3: 705 daAuts
     D:9: 74 daAuts
